 Dungeon Crawl Stone Soup version 0.26-a0-665-gefeb406119 (webtiles) character file.

Game seed: 10954604493995618568

44 1994 the Grave Robber (level 3, 7/24 HPs)
             Began as a Demonspawn Necromancer on Oct 15, 2020.
             Quit the game on level 2 of the Dungeon.
             The game lasted 00:04:44 (2022 turns).

1994 the Grave Robber (Demonspawn Necromancer)      Turns: 2022, Time: 00:04:45

Health: 7/24       AC:  3    Str:  9    XL:     3   Next: 39%
Magic:  0/7        EV: 12    Int: 16    God:
Gold:   55         SH:  0    Dex: 13    Spells: 6/8 levels left

rFire    . . .     SeeInvis .   a - +0 dagger
rCold    . . .     Faith    .   (no shield)
rNeg     . . .     Spirit   .   b - +0 robe
rPois    .         Reflect  .   (no helmet)
rElec    .         Harm     .   (no cloak)
rCorr    .         Rampage  .   f - +0 pair of gloves
MR       .....                  (no boots)
Stlth    ++........             (no amulet)
HPRegen  0.08/turn              (no ring)
MPRegen  0.10/turn              (no ring)

@: lethally poisoned (7 -> -15)
A: talons 1, powered by pain 1
a: no special abilities


You were on level 2 of the Dungeon.
You visited 1 branch of the dungeon, and saw 2 of its levels.

You collected 55 gold pieces.

Inventory:

Hand Weapons
 a - a +0 dagger (weapon)
Missiles
 c - 52 stones (quivered)
 e - 31 sling bullets
Armour
 b - a +0 robe (worn)
 f - a +0 pair of gloves (worn)
Scrolls
 d - a scroll of remove curse
 g - a scroll of enchant armour
 h - a scroll of identify


   Skills:
 - Level 1.7 Dodging
 - Level 1.7 Stealth
 - Level 3.0 Spellcasting
 * Level 5.0 Necromancy


You had 6 spell levels left.
You knew the following spells:

 Your Spells              Type           Power        Failure   Level
a - Pain                  Necr           ###.         2%          1
b - Animate Skeleton      Necr           ###...       2%          1

Your spell library contained the following spells:

 Spells                   Type           Power        Failure   Level
 Vampiric Draining        Necr           ###.......   7%          3
 Animate Dead             Necr           ###.......   22%         4
 Agony                    Necr           ###.....     54%         5


Dungeon Overview and Level Annotations

Branches:
Dungeon (2/15)

Altars:

Annotations:
D:2 Sigmund


Innate Abilities, Weirdness & Mutations

You have sharp toenails.
You sometimes gain a little power by taking damage.


Message History

Unknown command.
As you read the scroll labeled UXENKO REBETUZ, it crumbles to dust.
You feel blessed for a moment.
It was a scroll of remove curse.
You feel sick. The adder bites you.
You are lethally poisoned!
The adder poisons you!
Unknown command.
Unknown command.
As you read the scroll labeled KEICLA ALOC, it crumbles to dust.
It is a scroll of identify.
g - a scroll of enchant armour You feel sick.
The adder bites you.
* * * LOW HITPOINT WARNING * * *
You are more poisoned.
The adder poisons you!
Unknown command.
Okay, then.
Unknown command.
You aren't carrying any potions.
Are you sure you want to abandon this character and quit the game? (Confirm with "yes".)

.#
###..#####.####...#
..............#
#...#
##.........####
#...# # .##.#..#.#
#...# # ##.#.##.###
#...# . #....>.#
#...# .
#.##.#.#####...###
# #.<............
#.##......@S......
..................
#.##.#.###.#....##
# .....# #.#....#
#....### #.# ...#
###.. #.# ...# ...
#.# ..# ###. ...
..# #.


You could see an adder.

Vanquished Creatures
  4 dart slugs
  4 leopard geckos
  2 giant cockroaches
  2 goblins (D:1)
  3 hobgoblins (D:1)
  4 jackals (D:1)
  4 kobolds (D:1)
  A ball python (D:1)
  4 frilled lizards
  3 rats
31 creatures vanquished.

Notes
Turn   | Place    | Note
-------+----------+-------------------------------------------
     0 | D:1      | 1994 the Demonspawn Necromancer began the quest for the
                  | Orb.
     0 | D:1      | Reached XP level 1. HP: 13/13 MP: 3/3
   207 | D:1      | Gained mutation: You sometimes gain a little power by
                  | taking damage. [demonic ancestry]
   207 | D:1      | Reached XP level 2. HP: 10/19 MP: 1/5
   720 | D:1      | Learned a level 1 spell: Animate Skeleton
  1312 | D:1      | Gained mutation: You have sharp toenails. [demonic
                  | ancestry]
  1312 | D:1      | Reached XP level 3. HP: 24/24 MP: 5/7
  1832 | D:2      | Reached skill level 5 in Necromancy
  1887 | D:2      | Noticed Sigmund
  2022 | D:2      | Quit the game

Illustrated notes

Levels and vault maps discovered:
D:1:      minmay_arrival_loop, layout_basic, hangedman_decor_clover_reticule,
          hangedman_decor_growths, minmay_heptomino_d4
D:2:      layout_loops_cross, nicolae_qazlal_style_of_elements,
          nemelex_xobeh_ov_fountains_minmay, uniq_sigmund

Skill      XL: |  1  2  3 |
---------------+----------+-----
Spellcasting   | 3 |  3.0
Necromancy     | 5 |  5.0
Dodging        | |  1.7
Stealth        | |  1.7

Action                   || total
-------------------------++-------
Melee: Dagger            ||    13
Throw: Stone             ||     1
 Cast: Pain              ||    65
       Animate Skeleton  ||     2
  Use: Scroll            ||     2
Armor: Robe              ||     2
Dodge: Dodged            ||    16

Table legend: (Time is in decaauts)
 A = Elapsed time spent in this place.
 B = Non-inter-level travel time spent in this place.
 C = Inter-level travel time spent in this place.
 D = Time resting spent in this place.
 E = Time spent auto-exploring this place.
 F = Levels seen in this place.
 G = Mean time per level.
                   A        B        C        D        E       F      G
               +--------+--------+--------+--------+--------+-----+--------+
         Total |   2021 |   1956 |     65 |    744 |    879 |   2 | 1010.5 |
       Dungeon |   2021 |   1956 |     65 |    744 |    879 |   2 | 1010.5 |
               +--------+--------+--------+--------+--------+-----+--------+

Top non-repeatable levels by time:
     D:1: 1621 daAuts
     D:2: 399 daAuts
